[Event "Titled Tuesday Blitz November 07 Early 2023"]
[White "Navara, David"]
[Black "Halkias, Stelios"]
[WhiteFideId "309095"]
[BlackFideId "4201809"]
[WhiteElo "2923"]
[BlackElo "2733"]
[Result "1-0"]
[Round "7"]
[TimeControl "180+1"]
[Date "2023.11.07"]
[WhiteClock "0:00:14"]
[BlackClock "0:00:24"]
[Board "26"]

1. c4 Nf6 2. Nf3 g6 3. Nc3 Bg7 4. e4 d6 5. d4 O-O 6. Be2 e5 7. O-O h6 8. Re1 Nbd7 9. Bf1 a5 10. Rb1 Re8 11. b3 exd4 12. Nxd4 Nc5 13. f3 c6 14. Be3 Qc7 15. Qd2 h5 16. Bh6 Bd7 17. Bxg7 Kxg7 18. Rbd1 Rad8 19. Kh1 Bc8 20. Qf2 Qe7 21. Qg3 h4 22. Qxh4 Rh8 23. Qf2 Rh6 24. Kg1 Rdh8 25. h3 Kg8 26. Re3 Ncd7 27. Qg3 Ne5 28. Nf5 Bxf5 29. exf5 Nh5 30. Qf2 Qg5 31. Ne4 Qf4 32. fxg6 Rxg6 33. Rxd6 Rxd6 34. Nxd6 Ng3 35. Ne4 Nf5 36. Re1 Kf8 37. Qd2 Nxf3+ 38. gxf3 Rg8+ 39. Bg2 Qh4 40. Kh2 Rg6 41. Rg1 Kg7 42. Bf1 Rxg1 43. Kxg1 Qe7 44. Qg5+ Qxg5+ 45. Nxg5 Nd4 46. Kf2 Kf6 47. Ne4+ Ke5 48. h4 Nf5 49. h5 b6 50. Ng3 Nh6 51. Bd3 f5 52. Nxf5 Nxf5 53. Bxf5 Kxf5 54. Ke3 Kg5 55. Ke4 Kxh5 56. Ke5 Kg6 57. f4 Kf7 58. Kd6 b5 59. Kxc6 bxc4 60. bxc4 a4 61. Kb6 a3 62. c5 Ke6 63. c6 Kd6 64. c7 Kd7 65. Kb7 Kd6 66. c8=Q Kd5 67. Kb6 Ke4 68. Qc5 Kf3 69. Qxa3+ Kxf4 70. Qb4+ 1-0


[Site "https://www.chess.com"]

[Event "Titled Tuesday Blitz November 07 Early 2023"]
[White "Talibov, Shiroghlan"]
[Black "Lukovic, Vladimir"]
[WhiteFideId "13429078"]
[BlackFideId "942952"]
[WhiteElo "2896"]
[BlackElo "2709"]
[Result "0-1"]
[Round "7"]
[TimeControl "180+1"]
[Date "2023.11.07"]
[WhiteClock "0:00:47"]
[BlackClock "0:00:43"]
[Board "27"]

1. d4 Nf6 2. c4 d6 3. Nc3 Bf5 4. f3 Nbd7 5. e4 Bg6 6. Be3 e5 7. d5 h5 8. h4 Be7 9. g3 a5 10. Nge2 Nc5 11. Nc1 Nfd7 12. Bh3 O-O 13. Nd3 f5 14. Nxc5 Nxc5 15. exf5 Bxf5 16. Bxf5 Rxf5 17. Bxc5 dxc5 18. Ne4 Qd7 19. O-O Raf8 20. Kg2 b6 21. a4 g6 22. b3 R8f7 23. Qd3 Bf8 24. Rae1 Bh6 25. Re2 Kf8 26. Nc3 g5 27. hxg5 Rxg5 28. Ne4 Rgg7 29. Rh1 Qf5 30. Rf2 Bf4 31. Rh3 Bxg3 32. Rxg3 Rxg3+ 33. Kxg3 Rg7+ 34. Kh2 Qf4+ 35. Kh3 Qf5+ 36. Kh2 Qf4+ 37. Kh3 Rg1 38. Rf1 Rg6 39. Qd2 Rg3+ 40. Nxg3 Qxd2 41. f4 exf4 42. Nxh5 Qd3+ 43. Kg2 Qe2+ 0-1


[Site "https://www.chess.com"]

[Event "Titled Tuesday Blitz November 07 Early 2023"]
[White "Zhigalko, Sergei"]
[Black "Perdomo, Leandro"]
[WhiteFideId "13502956"]
[BlackFideId "109746"]
[WhiteElo "2892"]
[BlackElo "2697"]
[Result "0-1"]
[Round "7"]
[TimeControl "180+1"]
[Date "2023.11.07"]
[WhiteClock "0:00:00"]
[BlackClock "0:00:06"]
[Board "28"]

1. e4 e5 2. Nf3 Nc6 3. Bc4 Nf6 4. d3 Be7 5. O-O O-O 6. Nbd2 d6 7. c3 Na5 8. Bb5 c5 9. Re1 a6 10. Ba4 b5 11. Bc2 Nc6 12. Nf1 Nd7 13. Ng3 Nb6 14. Be3 d5 15. exd5 Nxd5 16. Bd2 Qc7 17. Qe2 Nf4 18. Qf1 Bb7 19. d4 cxd4 20. cxd4 Nxd4 21. Bxf4 Nxf3+ 22. gxf3 exf4 23. Nf5 Qxc2 24. Nxe7+ Kh8 25. Qh3 Qxb2 26. Rac1 Qa3 27. Kg2 Rae8 28. Rc7 Ba8 29. Re5 h6 30. Rd7 Qc3 31. Rh5 Qf6 32. Qh4 Qxh4 33. Rxh4 Rd8 34. Ra7 Rd3 35. Rxf4 Kh7 36. h4 Re8 37. h5 Ra3 38. Nf5 Bd5 39. Nd6 Rf8 40. Nxf7 Rxa2 41. Ng5+ Kg8 42. Rxf8+ Kxf8 43. Ne4 Bxe4 44. fxe4 b4 45. Rb7 a5 46. Kg3 Rb2 47. f4 a4 48. e5 a3 49. Ra7 a2 50. f5 b3 51. Ra8+ Ke7 52. Ra7+ Kd8 53. Ra8+ Kc7 54. f6 gxf6 55. exf6 Rb1 56. Kg2 a1=Q 57. Rxa1 Rxa1 58. f7 Ra8 0-1


[Site "https://www.chess.com"]

[Event "Titled Tuesday Blitz November 07 Early 2023"]
[White "Mikhailovsky, Vladimir"]
[Black "Nenezic, Marko"]
[WhiteFideId "34105414"]
[BlackFideId "912123"]
[WhiteElo "2831"]
[BlackElo "2858"]
[Result "0-1"]
[Round "7"]
[TimeControl "180+1"]
[Date "2023.11.07"]
[WhiteClock "0:00:01"]
[BlackClock "0:00:45"]
[Board "29"]

1. e4 c5 2. Nf3 d6 3. d4 cxd4 4. Nxd4 Nf6 5. Nc3 a6 6. Rg1 e5 7. Nb3 h5 8. h3 Be6 9. Be3 Nbd7 10. Qd2 b5 11. O-O-O Rc8 12. Kb1 Be7 13. a3 Nb6 14. Na5 Nc4 15. Nxc4 bxc4 16. f4 Qc7 17. f5 Bd7 18. g4 hxg4 19. hxg4 Qb7 20. Qg2 d5 21. Nxd5 Bxa3 22. Bc1 Nxd5 23. exd5 Bxb2 24. Ka2 Rb8 25. Bxc4 Bxc1 26. Bb3 Bf4 27. Qe4 Qb4 28. Qd3 a5 29. d6 a4 30. Rb1 axb3+ 31. Rxb3 Qa4+ 32. Ra3 Qb5 33. Rb3 Ra8+ 34. Kb2 Qxd3 35. Rxd3 e4 36. Rd5 Bc6 37. Rc5 Kd7 38. Re1 Bxd6 0-1


[Site "https://www.chess.com"]

[Event "Titled Tuesday Blitz November 07 Early 2023"]
[White "Klukin, Kirill"]
[Black "Thomforde-Toates, Noah"]
[WhiteFideId "24199273"]
[BlackFideId "30951992"]
[WhiteElo "2852"]
[BlackElo "2656"]
[Result "1-0"]
[Round "7"]
[TimeControl "180+1"]
[Date "2023.11.07"]
[WhiteClock "0:00:18"]
[BlackClock "0:00:27"]
[Board "30"]

1. d4 Nf6 2. c4 g6 3. Nc3 Bg7 4. e4 d6 5. h3 O-O 6. Be3 c5 7. Nf3 cxd4 8. Nxd4 Nc6 9. Nc2 Be6 10. Rc1 Qa5 11. Qd2 Rfc8 12. Be2 Ne5 13. b3 a6 14. Nd4 b5 15. Nxe6 fxe6 16. f4 b4 17. Na4 Nxe4 18. Qc2 Ng3 19. Bb6 Qxa4 20. bxa4 Nd7 21. Be3 Nxh1 22. Bf3 Bc3+ 23. Kf1 Ng3+ 24. Kf2 Nf5 25. Bxa8 Rxa8 26. Qe4 Rd8 27. Qxe6+ Kf8 28. g4 Nxe3 29. Qxe3 e5 30. Rxc3 bxc3 31. Qxc3 exf4 32. Qh8+ Ke7 33. Qxh7+ Ke6 34. Qxg6+ Ke7 35. Qg5+ Nf6 36. Qxf4 Rf8 37. Kg2 Nd7 38. Qe3+ Ne5 39. c5 Rc8 40. cxd6+ Kxd6 41. Qd4+ Ke6 42. Qb6+ Rc6 43. Qb3+ Kf6 44. Kg3 Rd6 45. Kf4 Rd4+ 46. Ke3 Rd6 47. Ke4 Nd7 48. Qc3+ Kf7 49. Kf4 Rf6+ 50. Kg3 Re6 51. h4 Rd6 52. Qb3+ Ke7 53. g5 Ne5 54. Kf4 Ng6+ 55. Kg3 Ne5 56. h5 Rd3+ 57. Kf4 Rxb3 58. axb3 Nd3+ 59. Kf5 Nc5 60. h6 Kf8 61. g6 Nd7 62. Ke6 Nc5+ 63. Kf6 Nd7+ 64. Kf5 Nc5 65. b4 Nd7 66. Ke6 Nb8 67. Kd6 Ke8 68. Kc7 Nd7 69. h7 Ke7 70. h8=Q Nf6 71. Qxf6+ Kxf6 72. Kb6 a5 73. bxa5 Kxg6 74. a6 Kf5 75. a7 Kf4 76. a8=Q Ke3 77. Qc6 Kf4 78. a5 Ke5 79. a6 Kf5 80. a7 Ke5 81. a8=Q Kf4 82. Qf8+ Ke3 83. Qe6+ Kd4 84. Qf4+ Kc3 85. Qee3+ Kc2 86. Qff2+ Kd1 87. Qee1# 1-0


[Site "https://www.chess.com"]

[Event "Titled Tuesday Blitz November 07 Early 2023"]
[White "Jakubowski, Krzysztof"]
[Black "Shuvalov, Evgenij"]
[WhiteFideId "1112848"]
[BlackFideId "4187237"]
[WhiteElo "2685"]
[BlackElo "2476"]
[Result "1-0"]
[Round "7"]
[TimeControl "180+1"]
[Date "2023.11.07"]
[WhiteClock "0:00:24"]
[BlackClock "0:00:00"]
[Board "31"]

1. e4 e6 2. d4 d5 3. Nc3 Bb4 4. e5 c5 5. a3 Bxc3+ 6. bxc3 Ne7 7. h4 Qa5 8. Bd2 Nbc6 9. Nf3 Qa4 10. Qb1 c4 11. h5 h6 12. Be2 Bd7 13. O-O O-O-O 14. Re1 Kb8 15. Bf4 Ka8 16. Qc1 a6 17. Nh2 Nc8 18. Bg4 N8a7 19. Bh3 Nb5 20. Qb2 Qa5 21. Re3 Qa4 22. Rg3 Rhg8 23. Nf1 Bc8 24. Bd2 Rdf8 25. Ne3 Qa5 26. a4 Nbxd4 27. Re1 Nf5 28. Nxf5 exf5 29. Rf3 d4 30. Bxf5 Nxe5 31. Rf4 g5 32. Bxc8 Rxc8 33. Rb1 Rc7 34. Rxd4 Re8 35. Rd6 Re6 36. Rd8+ Ka7 37. Be3+ b6 38. Qa3 Ng4 39. Bd4 Qf5 40. a5 Kb7 41. Bxb6 Rcc6 42. Bd4+ Kc7 43. Qf8 1-0


[Site "https://www.chess.com"]

[Event "Titled Tuesday Blitz November 07 Early 2023"]
[White "Le, Tuan Minh"]
[Black "Tikhonov, Viacheslav"]
[WhiteFideId "12401153"]
[BlackFideId "44196407"]
[WhiteElo "3061"]
[BlackElo "2562"]
[Result "1-0"]
[Round "7"]
[TimeControl "180+1"]
[Date "2023.11.07"]
[WhiteClock "0:02:00"]
[BlackClock "0:00:00"]
[Board "32"]

1. d4 Nf6 2. Nf3 d5 3. Bf4 c5 4. c3 Nc6 5. e3 Qb6 6. Qc2 g6 7. Nbd2 Bf5 8. dxc5 Qxc5 9. Qb3 Bc8 10. Be2 Bg7 11. O-O O-O 12. Rac1 Nh5 13. Bg5 h6 14. Bh4 e5 15. c4 Na5 16. Qa4 Nc6 17. Nb3 Qb4 18. Qxb4 Nxb4 19. Be7 dxc4 20. Bxc4 Nc6 21. Bxf8 Bxf8 22. Rfd1 Bg4 23. h3 Bxf3 24. gxf3 Nf6 25. Bb5 Nb4 26. Rc7 b6 27. Bc4 Bg7 28. a3 1-0


[Site "https://www.chess.com"]

[Event "Titled Tuesday Blitz November 07 Early 2023"]
[White "Paravyan, David"]
[Black "Harikrishnan.A.Ra"]
[WhiteFideId "4194985"]
[BlackFideId "5081483"]
[WhiteElo "3057"]
[BlackElo "2699"]
[Result "1-0"]
[Round "7"]
[TimeControl "180+1"]
[Date "2023.11.07"]
[WhiteClock "0:02:08"]
[BlackClock "0:00:43"]
[Board "33"]

1. e4 e6 2. d4 d5 3. Nc3 Nf6 4. Bg5 dxe4 5. Nxe4 Be7 6. Bxf6 gxf6 7. Nf3 a6 8. a3 f5 9. Nc3 b5 10. Ne5 Bb7 11. Qh5 O-O 12. O-O-O Nd7 13. Rd3 Bg5+ 14. Kb1 Bf4 15. Rg3+ Bxg3 16. hxg3 Nf6 17. Qh6 Qe7 18. g4 1-0


[Site "https://www.chess.com"]

[Event "Titled Tuesday Blitz November 07 Early 2023"]
[White "Ibarra Jerez, Jose Carlos"]
[Black "carokannlover213"]
[WhiteFideId "2226332"]
[WhiteElo "2981"]
[BlackElo "2696"]
[Result "1-0"]
[Round "7"]
[TimeControl "180+1"]
[Date "2023.11.07"]
[WhiteClock "0:00:33"]
[BlackClock "0:00:26"]
[Board "34"]

1. e4 c5 2. Nf3 d6 3. c3 Nf6 4. h3 Nc6 5. Bd3 e5 6. Bc2 g6 7. d4 cxd4 8. cxd4 exd4 9. Nxd4 Bg7 10. O-O O-O 11. Nc3 Re8 12. Ndb5 Bf8 13. Bf4 Ne5 14. Bg5 a6 15. Nd5 Be7 16. Nxe7+ Qxe7 17. Bxf6 Qxf6 18. Nc7 Bxh3 19. f4 Bxg2 20. Nxe8 Qh4 21. Kxg2 Ng4 22. Nf6+ Nxf6 23. Qe1 Qh5 24. Bd1 Qb5 25. Qe2 Qc6 26. Bc2 Re8 27. Rae1 d5 28. e5 d4+ 29. Be4 Nd5 30. Qf3 1-0


[Site "https://www.chess.com"]

[Event "Titled Tuesday Blitz November 07 Early 2023"]
[White "Elsa167"]
[Black "Hua, Lefong"]
[BlackFideId "2602253"]
[WhiteElo "2977"]
[BlackElo "2696"]
[Result "1-0"]
[Round "7"]
[TimeControl "180+1"]
[Date "2023.11.07"]
[WhiteClock "0:00:14"]
[BlackClock "0:00:00"]
[Board "35"]

1. d4 Nf6 2. c4 c5 3. d5 e6 4. Nc3 exd5 5. cxd5 d6 6. e4 g6 7. f4 Bg7 8. Bb5+ Nbd7 9. Nf3 O-O 10. O-O a6 11. Bxd7 Nxd7 12. f5 Ne5 13. Kh1 b5 14. Bg5 Bf6 15. Bh6 Re8 16. a3 Ra7 17. Ne2 Nxf3 18. gxf3 Bxb2 19. Rg1 Bg7 20. Qd2 Qf6 21. Ng3 Qd4 22. Qf4 Qe5 23. Qh4 Bf6 24. Bg5 Bxg5 25. Qxg5 f6 26. Qh6 g5 27. Nh5 Rf7 28. h4 Bxf5 29. hxg5 Bg6 30. gxf6 Kh8 31. Rxg6 1-0


[Site "https://www.chess.com"]

[Event "Titled Tuesday Blitz November 07 Early 2023"]
[White "Godzwon, Iwo"]
[Black "Galchenko, Matvey"]
[WhiteFideId "21802483"]
[BlackFideId "24175480"]
[WhiteElo "2686"]
[BlackElo "2939"]
[Result "0-1"]
[Round "7"]
[TimeControl "180+1"]
[Date "2023.11.07"]
[WhiteClock "0:00:06"]
[BlackClock "0:00:08"]
[Board "37"]

1. e4 e6 2. d4 d5 3. Bd3 dxe4 4. Bxe4 Nf6 5. Bf3 c5 6. Ne2 e5 7. dxe5 Qxd1+ 8. Kxd1 Ng4 9. Bxg4 Bxg4 10. f3 Bf5 11. Ng3 Bg6 12. f4 h5 13. f5 Bh7 14. h4 Nc6 15. Bf4 O-O-O+ 16. Nd2 Nd4 17. Bg5 Re8 18. Nc4 Nxf5 19. Nxf5 Bxf5 20. Kd2 f6 21. exf6 gxf6 22. Bxf6 Rg8 23. Bg5 Be6 24. Rae1 Rg7 25. b3 Rd7+ 26. Kc1 Bg7 27. Ne5 Rd5 28. Nd3 Bf7 29. Rxe8+ Bxe8 30. Re1 Bc6 31. Nf4 Rf5 32. Nxh5 Bc3 33. Rg1 Rf2 34. Nf4 Bd2+ 35. Kb1 Bxf4 36. Bxf4 Rxf4 37. g4 Bf3 38. g5 Rxh4 39. g6 Rh8 40. g7 Rg8 41. Re1 Kd7 42. Rf1 Bd5 43. Rf5 Ke6 44. Rg5 b6 45. Kb2 Be4 46. Rg4 Bf5 47. Ra4 Rxg7 48. a3 Kd5 49. b4 Bd7 50. Ra6 Bb5 0-1


[Site "https://www.chess.com"]

[Event "Titled Tuesday Blitz November 07 Early 2023"]
[White "Ovetchkin, Roman"]
[Black "Ashraf, Artin"]
[WhiteFideId "4119991"]
[BlackFideId "22514805"]
[WhiteElo "2682"]
[BlackElo "2881"]
[Result "1-0"]
[Round "7"]
[TimeControl "180+1"]
[Date "2023.11.07"]
[WhiteClock "0:00:12"]
[BlackClock "0:00:00"]
[Board "38"]

1. d4 Nf6 2. c4 e6 3. g3 c5 4. d5 exd5 5. cxd5 g6 6. Nc3 d6 7. Bg2 Bg7 8. Nf3 O-O 9. O-O Re8 10. Re1 Ne4 11. Nxe4 Rxe4 12. Bg5 Bf6 13. h4 Nd7 14. Nd2 Rb4 15. Ne4 Bxg5 16. hxg5 Rxb2 17. Qc1 Rb6 18. Qc3 Qe7 19. f4 Rb4 20. Nf2 b5 21. Ng4 h5 22. gxh6 f5 23. Nf2 Nf6 24. e4 fxe4 25. Bxe4 Qf7 26. Bf3 Bf5 27. Re6 Rd4 28. Rae1 Re8 29. Rxd6 Rc4 30. Qa1 Rxe1+ 31. Qxe1 Kh7 32. Qe5 Nd7 33. Qb2 Rb4 34. Qc3 Rc4 35. Qe3 Nf6 36. g4 Bc8 37. g5 Ne8 38. Rd8 Bd7 39. Ne4 Rd4 40. d6 Bc6 41. Rxe8 Bxe8 42. Nf6+ Kh8 43. Qe5 1-0


[Site "https://www.chess.com"]

[Event "Titled Tuesday Blitz November 07 Early 2023"]
[White "Mikaelyan, Arman"]
[Black "Mamedov, Edgar"]
[WhiteFideId "13304852"]
[BlackFideId "13739980"]
[WhiteElo "2874"]
[BlackElo "2679"]
[Result "0-1"]
[Round "7"]
[TimeControl "180+1"]
[Date "2023.11.07"]
[WhiteClock "0:00:35"]
[BlackClock "0:00:46"]
[Board "39"]

1. b3 d5 2. Bb2 c6 3. Nf3 Nf6 4. e3 Bf5 5. Be2 e6 6. Nh4 Be4 7. d3 Bg6 8. Nd2 Nbd7 9. O-O Bd6 10. f4 Qe7 11. Ndf3 Bh5 12. h3 Bxf3 13. Nxf3 e5 14. fxe5 Nxe5 15. Qd2 O-O 16. Nd4 Bb4 17. c3 Bc5 18. Nf5 Qe6 19. d4 Ne4 20. Qe1 Bb6 21. dxe5 g6 22. Nd4 Qxe5 23. Bd3 Ng3 24. Rf3 Bc7 25. c4 Ne4 26. Rf4 g5 27. Bxe4 gxf4 28. Bc2 fxe3 29. Qh4 Qh2+ 30. Kf1 Qh1+ 31. Ke2 Qxg2+ 32. Kd3 Qd2# 0-1


[Site "https://www.chess.com"]

[Event "Titled Tuesday Blitz November 07 Early 2023"]
[White "Alexandre, Anne Shopie Elizabeth"]
[Black "Chinguun, Sumiya"]
[WhiteFideId "11902418"]
[BlackFideId "4902572"]
[WhiteElo "2855"]
[BlackElo "2678"]
[Result "1-0"]
[Round "7"]
[TimeControl "180+1"]
[Date "2023.11.07"]
[WhiteClock "0:01:22"]
[BlackClock "0:01:22"]
[Board "40"]

1. d4 Nf6 2. c4 g6 3. Nc3 Bg7 4. e4 d6 5. h3 O-O 6. Be3 e6 7. Nf3 Nc6 8. Be2 e5 9. d5 Ne7 10. g4 c6 11. Nd2 Bd7 12. h4 Qc8 13. Rg1 b5 14. g5 Ne8 15. cxb5 cxd5 16. exd5 Nf5 17. Nde4 Nxh4 18. Qd2 Nf5 19. O-O-O Nxe3 20. fxe3 Bf5 21. Kb1 f6 22. Ka1 Bxe4 23. Nxe4 f5 24. Nc3 f4 25. Bg4 Qd8 26. Be6+ Kh8 27. Ne4 Nc7 28. Rh1 Nxe6 29. dxe6 Rf5 30. Qh2 h5 31. Nxd6 Qxg5 32. Rdg1 Qf6 33. e4 Qxe6 34. exf5 Qxd6 35. Rxg6 Qd7 36. Qxh5+ 1-0


[Site "https://www.chess.com"]

[Event "Titled Tuesday Blitz November 07 Early 2023"]
[White "amanmuhammethommadov"]
[Black "Golizadeh, Asghar"]
[BlackFideId "12505269"]
[WhiteElo "2673"]
[BlackElo "2851"]
[Result "1-0"]
[Round "7"]
[TimeControl "180+1"]
[Date "2023.11.07"]
[WhiteClock "0:02:22"]
[BlackClock "0:00:00"]
[Board "41"]

1. e4 c5 2. Nf3 e6 3. c3 d5 4. e5 d4 5. Bd3 Nc6 6. Be4 Bd7 7. d3 Nge7 8. Bf4 Ng6 9. Bg3 Be7 10. h4 Qc7 11. Nbd2 Ngxe5 12. Nxe5 Nxe5 13. Nc4 f6 14. Nxe5 fxe5 15. Qh5+ Kd8 16. Bxe5 Qb6 17. Bxg7 Qxb2 18. O-O Rg8 19. Qxh7 Rxg7 20. Qxg7 Qxc3 21. Qg8+ Be8 22. Qxe6 Rc8 23. Bxb7 Rc7 24. Be4 Bxh4 25. Rab1 Bd7 26. Qd6 Kc8 27. Qf8+ Bd8 28. Rb8+ Kxb8 29. Qxd8+ Bc8 30. Rb1+ 1-0


[Site "https://www.chess.com"]

[Event "Titled Tuesday Blitz November 07 Early 2023"]
[White "Borgaonkar Akshay"]
[Black "Rustemov, Alexander"]
[WhiteFideId "25639110"]
[BlackFideId "4119002"]
[WhiteElo "2670"]
[BlackElo "2833"]
[Result "1-0"]
[Round "7"]
[TimeControl "180+1"]
[Date "2023.11.07"]
[WhiteClock "0:00:08"]
[BlackClock "0:00:02"]
[Board "42"]

1. d4 d5 2. Nc3 Nf6 3. Bf4 a6 4. e3 c5 5. Nf3 cxd4 6. exd4 Nc6 7. Ne5 e6 8. Be2 Bd6 9. Nxc6 bxc6 10. Qd2 O-O 11. O-O a5 12. Na4 Ba6 13. Bxa6 Rxa6 14. Bxd6 Qxd6 15. Nc5 Ra7 16. f3 Nd7 17. Nxd7 Qxd7 18. c3 a4 19. b4 axb3 20. axb3 Rfa8 21. Qb2 g6 22. Rfb1 Qc7 23. g3 c5 24. dxc5 Qxc5+ 25. Kg2 Kg7 26. c4+ d4 27. Rxa7 Rxa7 28. Ra1 Rb7 29. Rd1 e5 30. Qc2 Qb4 31. Qe2 f6 32. Rd3 Qa3 33. f4 Rxb3 34. Rxb3 Qxb3 35. fxe5 f5 36. e6 Kf6 37. Kh3 d3 38. Qe3 Ke7 39. c5 Qc2 40. Qe5 Qe2 41. Qd6+ Kf6 42. e7+ Kf7 43. c6 d2 44. c7 d1=Q 45. e8=Q+ Qxe8 46. Qxd1 Qe6 47. Qd8 f4+ 48. Kh4 g5+ 49. Qxg5 f3 50. Qf4+ Kg6 51. Qg4+ Qxg4+ 52. Kxg4 f2 53. c8=Q f1=Q 54. Qg8+ Kf6 55. Qf8+ Kg6 56. Qxf1 h5+ 57. Kh4 Kh6 58. Qf5 Kg7 59. Kg5 h4 60. Qd7+ Kf8 61. Kf6 hxg3 62. Qf7# 1-0


[Site "https://www.chess.com"]

[Event "Titled Tuesday Blitz November 07 Early 2023"]
[White "Beerdsen, Thomas"]
[Black "Skvortsov, Andrei"]
[WhiteFideId "1030108"]
[BlackFideId "24108600"]
[WhiteElo "2832"]
[BlackElo "2669"]
[Result "1-0"]
[Round "7"]
[TimeControl "180+1"]
[Date "2023.11.07"]
[WhiteClock "0:01:55"]
[BlackClock "0:01:14"]
[Board "43"]

1. e4 d5 2. exd5 Qxd5 3. Nc3 Qe5+ 4. Be2 Bg4 5. d4 Bxe2 6. Ngxe2 Qa5 7. b4 Qxb4 8. Rb1 Qc4 9. O-O Nf6 10. Rxb7 Na6 11. Bf4 e6 12. d5 Nxd5 13. Nxd5 exd5 14. Nd4 O-O-O 15. Rxa7 Kb8 16. Rxa6 Qxa6 17. Qd2 Bc5 18. Rb1+ Ka8 19. Nb5 Bb6 20. Bxc7 Rd7 21. Qc3 Rc8 22. Qc6+ Qb7 23. Qxd7 Bxc7 24. Nxc7+ Qxc7 25. Qxd5+ Ka7 26. Qd4+ Ka8 27. Qa4+ 1-0


[Site "https://www.chess.com"]

[Event "Titled Tuesday Blitz November 07 Early 2023"]
[White "Kleiman, Jake"]
[Black "mind1mover"]
[WhiteFideId "2020041"]
[WhiteElo "2662"]
[BlackElo "2824"]
[Result "1-0"]
[Round "7"]
[TimeControl "180+1"]
[Date "2023.11.07"]
[WhiteClock "0:00:08"]
[BlackClock "0:00:00"]
[Board "44"]

1. e4 Nc6 2. Nf3 d6 3. d4 Nf6 4. Nc3 g6 5. h3 a6 6. Be3 b5 7. Bd3 Bg7 8. a4 b4 9. Ne2 O-O 10. Qd2 a5 11. Bh6 Ba6 12. h4 d5 13. e5 Ne4 14. Qe3 f6 15. Bxg7 Kxg7 16. h5 g5 17. h6+ Kh8 18. Bxe4 dxe4 19. Qxe4 Bb7 20. d5 Nxe5 21. Nxe5 Bxd5 22. Qe3 fxe5 23. Qxe5+ Rf6 24. O-O-O c6 25. f3 Qd6 26. Qxg5 Rg8 27. Qe3 Rxg2 28. Rhg1 Rxf3 29. Qd4+ e5 30. Qa7 Qxh6+ 31. Kb1 Rff2 32. Qb8+ Rf8 33. Qxe5+ Qg7 34. Qe3 Rg8 35. Rxg2 Qxg2 36. Rg1 Qe4 37. Qf2 Rxg1+ 38. Nxg1 Kg7 39. Ne2 Qg2 40. Qe3 Qg6 41. Nf4 Qf5 42. Qe7+ Bf7 43. Qe3 h5 44. Qg3+ Qg4 45. Qe3 h4 46. Qe5+ 1-0


[Site "https://www.chess.com"]

[Event "Titled Tuesday Blitz November 07 Early 2023"]
[White "Melian, Juan Sebastian"]
[Black "Bacrot, Etienne"]
[WhiteFideId "3706575"]
[BlackFideId "605506"]
[WhiteElo "2660"]
[BlackElo "2820"]
[Result "1-0"]
[Round "7"]
[TimeControl "180+1"]
[Date "2023.11.07"]
[WhiteClock "0:00:09"]
[BlackClock "0:00:08"]
[Board "45"]

1. d4 Nf6 2. c4 g6 3. Nc3 d5 4. Nf3 Bg7 5. e3 O-O 6. Be2 e6 7. O-O b6 8. cxd5 exd5 9. Rb1 c5 10. b3 Bf5 11. Bd3 Bg4 12. Be2 Nc6 13. Bb2 Rc8 14. dxc5 bxc5 15. Na4 Qe7 16. Rc1 Bxf3 17. Bxf3 Ne5 18. Bxe5 Qxe5 19. Nxc5 Qe7 20. Nd3 Qa3 21. Qd2 Ne4 22. Bxe4 dxe4 23. Nf4 Rcd8 24. Qe2 Rd7 25. Rc2 Rfd8 26. h4 h5 27. g3 Be5 28. Kg2 Qe7 29. Nh3 Bf6 30. Rfc1 Kg7 31. Nf4 Be5 32. Nh3 Rd3 33. Nf4 Bxf4 34. exf4 e3 35. Rc3 Qe4+ 36. Qf3 Qxf3+ 37. Kxf3 exf2+ 38. Rxd3 Rxd3+ 39. Kxf2 Rd2+ 40. Kf3 Rxa2 41. Rc7 Ra3 42. Rb7 Kf6 43. Rb5 Ke6 44. Ke4 Kd6 45. f5 a6 46. Rb8 Kc7 47. Rb4 Ra5 48. fxg6 fxg6 49. Kf4 Rf5+ 50. Ke4 Kc6 51. Rc4+ Rc5 52. Rd4 Rb5 53. b4 Rb6 54. Kd3 Kb5 55. Kc3 Ka4 56. Rc4 Rf6 57. Rc5 Rf5 58. Rxf5 gxf5 59. Kc4 Ka3 60. b5 axb5+ 61. Kxb5 Kb3 62. Kc5 Kc3 63. Kd5 Kd3 64. Ke5 Ke3 65. Kxf5 Kf3 66. Kg5 Kxg3 67. Kxh5 Kh3 68. Kg5 Kg3 69. h5 1-0


[Site "https://www.chess.com"]

[Event "Titled Tuesday Blitz November 07 Early 2023"]
[White "Szpar, Milosz"]
[Black "Skliarov, Viktor"]
[WhiteFideId "1184989"]
[BlackFideId "14106736"]
[WhiteElo "2807"]
[BlackElo "2659"]
[Result "0-1"]
[Round "7"]
[TimeControl "180+1"]
[Date "2023.11.07"]
[WhiteClock "0:00:01"]
[BlackClock "0:00:24"]
[Board "46"]

1. e4 c5 2. Nf3 Nc6 3. d4 cxd4 4. Nxd4 Nf6 5. Nc3 e5 6. Ndb5 d6 7. Nd5 Nxd5 8. exd5 Nb8 9. Qf3 Be7 10. Bd2 O-O 11. Qa3 Na6 12. Ba5 Qd7 13. Nc3 Qg4 14. Bxa6 Qxg2 15. O-O-O bxa6 16. Bc7 Bf5 17. Bxd6 Qxf2 18. Rd2 Bg5 19. Rd1 Rfe8 20. Qxa6 e4 21. Bg3 Bxd2+ 22. Rxd2 Qg1+ 23. Rd1 Qg2 24. Rd2 Qh3 25. d6 e3 26. Re2 Qf1+ 27. Be1 Bg4 28. Kd1 Rad8 29. Qd3 Bxe2+ 30. Nxe2 Re6 31. d7 Re7 32. Nd4 Qxd3+ 33. cxd3 Rexd7 0-1


[Site "https://www.chess.com"]

[Event "Titled Tuesday Blitz November 07 Early 2023"]
[White "Dragun, Kamil"]
[Black "Dowgird, Filip"]
[WhiteFideId "1134167"]
[BlackFideId "1121235"]
[WhiteElo "2804"]
[BlackElo "2658"]
[Result "1/2-1/2"]
[Round "7"]
[TimeControl "180+1"]
[Date "2023.11.07"]
[WhiteClock "0:00:16"]
[BlackClock "0:00:08"]
[Board "47"]

1. d4 d6 2. Nf3 Bg4 3. e4 Nf6 4. Nbd2 e6 5. Bd3 c6 6. h3 Bh5 7. Nf1 d5 8. e5 Nfd7 9. Ng3 Bg6 10. O-O c5 11. c3 Nc6 12. Be3 Be7 13. a3 Rc8 14. b4 cxd4 15. cxd4 Nb6 16. Rc1 O-O 17. Bxg6 hxg6 18. Nd2 f5 19. exf6 gxf6 20. Ne2 Bd6 21. Qb3 Kf7 22. Qd3 Ne7 23. Bf4 Rxc1 24. Rxc1 Bxf4 25. Nxf4 Qd6 26. g3 Nf5 27. Re1 Re8 28. Nb3 e5 29. dxe5 fxe5 30. Ng2 e4 31. Qc2 d4 32. Nf4 e3 33. Kg2 exf2 34. Qxf2 Rxe1 35. Qxe1 g5 36. Qe4 Ne3+ 37. Kf3 gxf4 38. Nxd4 Qd5 39. Kxf4 Qxe4+ 40. Kxe4 Nec4 41. Nc2 Ke6 42. h4 Nd6+ 43. Kf4 Nd5+ 44. Kg5 Ne4+ 45. Kg4 Nef6+ 46. Kg5 Ne4+ 47. Kg4 Nef6+ 48. Kg5 Ne4+ 1/2-1/2


[Site "https://www.chess.com"]

[Event "Titled Tuesday Blitz November 07 Early 2023"]
[White "Volkov, Maksim"]
[Black "Sokolovsky, Yahli"]
[WhiteFideId "54123070"]
[BlackFideId "2820242"]
[WhiteElo "2653"]
[BlackElo "2799"]
[Result "0-1"]
[Round "7"]
[TimeControl "180+1"]
[Date "2023.11.07"]
[WhiteClock "0:00:01"]
[BlackClock "0:00:21"]
[Board "48"]

1. d4 d6 2. Nf3 g6 3. g3 Bg7 4. Bg2 b6 5. c4 Bb7 6. O-O Nf6 7. d5 e6 8. Nc3 O-O 9. e4 e5 10. Qc2 a5 11. b3 Nh5 12. a3 Bc8 13. h3 f5 14. Ng5 f4 15. Ne6 Bxe6 16. dxe6 fxg3 17. fxg3 Rxf1+ 18. Bxf1 Nxg3 19. Nd5 Nc6 20. Be3 Nd4 21. Bxd4 exd4 22. Bd3 Qg5 23. Qg2 c6 24. h4 Qxh4 25. e5 Bxe5 26. Nxb6 Rb8 27. Nd7 Rxb3 28. Nxe5 dxe5 29. e7 Qxe7 30. Qxg3 e4 31. Re1 Rxd3 32. Qb8+ Kg7 33. Re2 Qg5+ 34. Rg2 Rd1+ 35. Kf2 Rd2+ 36. Ke1 Qe3+ 37. Kf1 Rd1# 0-1


[Site "https://www.chess.com"]